Cogmind - Beta 17 @@@ ROGUE MODE // 2026.06.28 @ 21:48:02 Player: goobie Result: Destroyed by G-47 Trooper with Particle Gun Performance ------------- Evolutions (2) 1000 Regions Visited (3) 600 Robots Destroyed (14) 70 Value Destroyed (548) 548 Prototype IDs (2) 40 Alien Tech Used (0) 0 Bonus (0) 0 TOTAL SCORE: 2258 Bonus ------- None Cogmind --------- Core Integrity 0/550 Matter 284/300 Energy 100/100 System Corruption 3% Temperature Cool (18) Movement Core (200) Ox3 Location -8/Materials Parts ------- > --- POWER (1) -------- (None) > --- PROPULSION (3) --- (None) > --- UTILITY (3) ------ Medium Storage Unit > --- WEAPON (4) ------- (None) > --- INVENTORY (10) --- (None) Peak State ------------ > --- POWER ------------ Ion Engine > --- PROPULSION ------- Armored Wheel Armored Wheel Armored Wheel > --- UTILITY ---------- Disposable Heat Sink Medium Storage Unit Medium Armor Plating > --- WEAPON ----------- Heavy Particle Gun Advanced Beam Rifle Particle Cannon Subdweller Machine Gun > --- INVENTORY -------- Improved Ion Engine Light Nuclear Core Light Treads Light Treads Armored Treads Subdweller Laser Light EM Pulse Cannon [Rating: 25] Favorites ----------- Power Ion Engine Engine Ion Engine Power Core Light Nuclear Core Propulsion Armored Wheel Treads Light Treads Leg Aluminum Leg Wheel Armored Wheel Utility Disposable Heat Sink Device Disposable Heat Sink Storage Small Storage Unit Protection Medium Armor Plating Weapon Light Assault Rifle Energy Gun Heavy Particle Gun Energy Cannon Particle Cannon Ballistic Gun Light Assault Rifle Ballistic Cannon Battle Cannon Build | -11 -10 -10 -8 ------- Run | Yrd Mat Sub Mat Slots Evolved 4 | . . . 4 Power . | . . . . Propulsion 1 | . . . 1 Utility 1 | . . . 1 Weapon 2 | . . . 2 Parts Attached 27 | 8 1 1 17 Power 4 | 1 . . 3 Engine 3 | 1 . . 2 Core 1 | . . . 1 Reactor . | . . . . Propulsion 8 | 4 . . 4 Treads 3 | 2 . . 1 Leg 2 | 2 . . . Wheel 3 | . . . 3 Hover . | . . . . Flight . | . . . . Utility 5 | 1 . 1 3 Device 2 | . . 1 1 Storage 2 | 1 . . 1 Processor . | . . . . Hackware . | . . . . Protection 1 | . . . 1 Artifact . | . . . . Weapon 10 | 2 1 . 7 Energy Gun 5 | 1 1 . 3 Energy Cannon 2 | . . . 2 Ballistic Gun 2 | 1 . . 1 Ballistic Cannon 1 | . . . 1 Launcher . | . . . . Special Weapon . | . . . . Impact Weapon . | . . . . Slashing Weapon . | . . . . Piercing Weapon . | . . . . Special Melee Weapon . | . . . . Unidentified Prototypes 2 | . . . 2 Parts Lost 22 | . 1 2 19 Power 4 | . . 1 3 Propulsion 6 | . . . 6 Utility 3 | . . . 3 Weapon 9 | . 1 1 7 Highest Loss Streak 19 | . 1 1 19 To Critical Strikes . | . . . . Average Backups 5 | 3 3 4 6 Power 1 | . 1 1 1 Propulsion 2 | 1 2 3 2 Utility . | . . . . Weapon 1 | 1 . . 1 Tool/Special . | . . . . Unused Backups 1 | . . . 1 Power . | . . . . Propulsion 1 | . . . 1 Utility . | . . . . Weapon . | . . . . Tool/Special . | . . . . Average Slot Usage (%) 88 | . 85 82 91 Engine 9 | . 14 9 8 Treads 4 | . . . 6 Leg 11 | . 28 28 2 Wheel 9 | . . . 15 Device 10 | . . 4 14 Storage 10 | . 14 14 9 Energy Gun 13 | . 14 11 14 Ballistic Gun 15 | . 14 14 15 Ballistic Cannon 1 | . . . 2 Peak Build Rating 25 | 6 6 7 25 Average Rating 14 | 3 5 6 19 On Entrance 4 | . 6 6 7 Avg Prop Armor Cover (%) . | . . . . Naked Turns . | . . . . Heaviest Build 33 | 13 13 13 33 Greatest Support 60 | 40 20 20 60 Greatest Overweight (x) 7 | . . . 7 Average Overweight (x) . | . . . . Largest Inventory Capacity 10 | 8 8 8 10 Average Capacity 8 | 6 8 8 9 Most Carried 9 | 5 4 7 9 Average Carried 5 | 3 3 4 6 Final Capacity 10 | 8 8 8 10 Final Carried 7 | 4 4 7 . Class Distribution -------------------- 53% | Gunner 42% | Mutant 3% | Tank Dominant Class ---------------- Mutant | -10/Materials Mutant | -10/Subcaves Gunner | -8/Materials Resources | -11 -10 -10 -8 ----------- Run | Yrd Mat Sub Mat Matter Collected 520 | 238 39 25 218 Remotely . | . . . . Salvage Created 537 | . . 47 490 Parts 24 | . . 2 22 Haulers Intercepted . | . . . . Recyclers Shooed . | . . . . Parts Field Recycled . | . . . . Retrieved Matter . | . . . . Parts Self-Destructed . | . . . . Prevented . | . . . . Parts Restored . | . . . . Kills | -11 -10 -10 -8 ------- Run | Yrd Mat Sub Mat Combat Hostiles Destroyed 13 | . . 1 12 Guns 10 | . . 1 9 Cannons 1 | . . . 1 AOE 2 | . . . 2 Classes Destroyed 5 | . . 1 4 Worker 1 | . . . 1 Swarmer 2 | . . . 2 Grunt 7 | . . . 7 Sentry 3 | . . . 3 Subdweller 1 | . . 1 . Best Kill Streak 9 | . . 1 9 Combat Bots Only 8 | . . 1 8 Max Kills in Single Turn 2 | . . 1 2 Gunslinging . | . . . . Exploded 1 | . . . 1 Melee . | . . . . Uniques/NPCs Destroyed . | . . . . Combat | -11 -10 -10 -8 -------- Run | Yrd Mat Sub Mat Hostile Shots Fired 275 | . . 19 256 Missed 79 | . . 6 73 Hits 196 | . . 13 183 Projectile 196 | . . 13 183 AOE 1 | . . . 1 Critical Strikes 2 | . . 1 1 Damage Taken 2992 | . 102 333 2557 Core 614 | . . 58 556 Absorbed by Shields . | . . . . Core Remaining (%) 88 | 100 . 76 . Volleys Fired 34 | . 2 10 22 Largest 4 | . 2 2 4 Hottest 184 | . 60 60 184 Shots Fired 98 | . 4 20 74 Gun 88 | . 4 20 64 Cannon 10 | . . . 10 Launcher . | . . . . Special . | . . . . Kinetic 44 | . 2 10 32 Thermal 42 | . . . 42 Explosive . | . . . . Electromagnetic 12 | . 2 10 . Robot Hit Streak 12 | . . 6 12 Robot Miss Streak 6 | . . 3 6 Penetration Max . | . . . . Secondary Targets 3 | . . . 3 Max Gunslinging Chain 1 | . . . 1 Shots Hit Robots 55 | . . 9 46 Core Hits 24 | . . 3 21 Critical Kills . | . . . . Critical Parts Destroyed . | . . . . Critical Strikes . | . . . . Melee Attacks . | . . . . Impact . | . . . . Slashing . | . . . . Piercing . | . . . . Sneak Attacks . | . . . . Combat Hostiles . | . . . . Follow-up Attacks . | . . . . Damage Inflicted 1338 | . . 67 1271 Guns 869 | . . 67 802 Cannons 110 | . . . 110 Explosions 359 | . . . 359 Melee . | . . . . Ramming . | . . . . Kinetic 417 | . . 22 395 Thermal 876 | . . . 876 Explosive . | . . . . Electromagnetic 45 | . . 45 . Impact . | . . . . Slashing . | . . . . Piercing . | . . . . Highest Corruption 3 | . . . 3 Average Corruption 3 | . . . 3 Corruption Purged . | . . . . Corruption Blocked . | . . . . Effects 1 | . . . 1 Matter Fused 1 | . . . 1 Overload Shots . | . . . . Overflow Damage 29 | . . . 29 Projectiles . | . . . . Explosions 29 | . . . 29 Melee . | . . . . Knockbacks . | . . . . Impact . | . . . . Kinetic . | . . . . Secondary . | . . . . Self-Inflicted Damage 107 | . . . 107 Shots 1 | . . . 1 Rammed . | . . . . Targets Rammed . | . . . . Kicked . | . . . . Crushed . | . . . . Highest Temperature 331 | . 40 . 331 Average Temperature 114 | . 24 . 119 Received Heat Transfer 699 | . . 42 657 Effects 2 | . . . 2 Energy Bleed 1 | . . . 1 Interference 1 | . . . 1 Siege Activations . | . . . . Martial Activations . | . . . . Shielding Activations . | . . . . Robots Disrupted . | . . . . Combat Hostiles . | . . . . Robots Corrupted . | . . . . Combat Hostiles . | . . . . Parts Fried . | . . . . Impact Corruptions . | . . . . Robots Melted . | . . . . Combat Hostiles . | . . . . Parts Melted 2 | . . . 2 Heat Transferred 1150 | . . . 1150 Parts Sabotaged . | . . . . Parts Stolen . | . . . . Parts Stripped . | . . . . Power Chain Reactions . | . . . . Alert | -11 -10 -10 -8 ------- Run | Yrd Mat Sub Mat Maximum Alert Level 1 | . . . 1 Low Security (%) 94 | 100 100 . 93 Level 1 5 | . . . 6 Level 2 . | . . . . Level 3 . | . . . . Level 4 . | . . . . Level 5 . | . . . . High Security . | . . . . Max Security . | . . . . Peak Influence 246 | . . . 246 Initial . | . . . . Average 25 | . . . 31 Influence Increases 468 | . . . 468 Destroy 0b10 Robot/C 240 | . . . 240 Destroy 0b10 Robot/NC 5 | . . . 5 Destroy Leader 70 | . . . 70 Disable Machine 30 | . . . 30 Destroy Structure 18 | . . . 18 Lose Combat Pursuer 105 | . . . 105 Influence Decreases 326 | . . . 326 Time Decay 136 | . . . 136 Lost Part 190 | . . . 190 Squads Dispatched 5 | . . . 5 Investigation 2 | . . . 2 Extermination . | . . . . Reinforcement 2 | . . . 2 Assault . | . . . . Garrison 1 | . . . 1 Intercept . | . . . . Searches Triggered . | . . . . Construction Impeded . | . . . . Haulers Reinforced . | . . . . Active Scanning Responses . | . . . . Cargo Convoy Interrupts . | . . . . Stealth | -11 -10 -10 -8 --------- Run | Yrd Mat Sub Mat Distress Signals 5 | . 1 . 4 Communications Jammed . | . . . . Distress Signals . | . . . . Times Spotted 38 | . 3 3 32 Peak Tracking Total 13 | . 4 2 13 Tactical Retreats 4 | . . . 4 Traps | -11 -10 -10 -8 ------- Run | Yrd Mat Sub Mat Traps Triggered 3 | . 1 1 1 Indirectly . | . . . . Trap Hack Attempts . | . . . . Triggered . | . . . . Disarmed . | . . . . Reprogrammed . | . . . . Reused . | . . . . Traps Extracted . | . . . . Installed . | . . . . Triggered . | . . . . Machines | -11 -10 -10 -8 ---------- Run | Yrd Mat Sub Mat Machines Disabled 2 | . . . 2 Max in Single Turn 2 | . . . 2 Machines Repaired . | . . . . Machines Dismantled . | . . . . Machines Sabotaged . | . . . . Overloaded Fab Kills . | . . . . Hacking | -11 -10 -10 -8 --------- Run | Yrd Mat Sub Mat Machines Accessed 3 | . . . 3 Terminals 2 | . . . 2 Fabricators . | . . . . Repair Stations . | . . . . Recycling Units . | . . . . Scanalyzers . | . . . . Garrison Access 1 | . . . 1 Total Hacks 6 | . . . 6 Successful . | . . . . Failed 6 | . . . 6 Catastrophic 2 | . . . 2 Database Lockouts . | . . . . Manual . | . . . . Terminals 4 | . . . 4 Fabricators . | . . . . Repair Stations . | . . . . Recycling Units . | . . . . Scanalyzers . | . . . . Garrison Access 2 | . . . 2 Terminal Hacks . | . . . . Fabricator Hacks . | . . . . Repair Station Hacks . | . . . . Recycling Unit Hacks . | . . . . Scanalyzer . | . . . . Garrison Access Hacks . | . . . . Unauthorized Hacks . | . . . . Terminals . | . . . . Fabricators . | . . . . Repair Stations . | . . . . Recycling Units . | . . . . Scanalyzers . | . . . . Garrison Access . | . . . . Data Cores Recovered . | . . . . Used . | . . . . Hacking Detections 3 | . . . 3 Full Trace Events 1 | . . . 1 Feedback Events . | . . . . Feedback Blocked . | . . . . Robot Schematics Acquired . | . . . . Robots Built . | . . . . Authchips . | . . . . Time . | . . . . Total Robot Build Rating . | . . . . Part Schematics Acquired . | . . . . Parts Built . | . . . . Authchips . | . . . . Time . | . . . . Total Part Build Rating . | . . . . Part Studies Acquired . | . . . . Parts Repaired . | . . . . Time . | . . . . Parts Recycled . | . . . . Recycled Matter . | . . . . Retrieved Matter . | . . . . Retrieved Components . | . . . . Parts Scanalyzed . | . . . . Part Schematics Acquired . | . . . . Parts Damaged . | . . . . Bothacking | -11 -10 -10 -8 ------------ Run | Yrd Mat Sub Mat Used RIF Installer . | . . . . Robots Hacked . | . . . . Non-combat . | . . . . Combat . | . . . . Robot Hacks Applied . | . . . . Relay Couplers Released . | . . . . Fabnet Peak Effective % . | . . . . Robots Rewired . | . . . . Allies Hacked . | . . . . Hacks Repelled . | . . . . Allies | -11 -10 -10 -8 -------- Run | Yrd Mat Sub Mat Total Allies . | . . . . Largest Group . | . . . . Highest-Rated Group . | . . . . Highest-Rated Ally . | . . . . Total Orders . | . . . . Ally Attacks . | . . . . Total Damage . | . . . . Kills . | . . . . Allies Corrupted . | . . . . Allies Melted . | . . . . Intel | -11 -10 -10 -8 ------- Run | Yrd Mat Sub Mat Active Infowar (turns) . | . . . . Robot Analysis Total . | . . . . Derelict Logs Recovered . | . . . . Drone Launches . | . . . . Drone Recoveries . | . . . . Exploration | -11 -10 -10 -8 ------------- Run | Yrd Mat Sub Mat Turns Passed 1470 | 63 144 365 898 Spaces Moved 823 | 40 92 240 451 Core 12 | 11 . . 1 Treads 118 | 12 . . 106 Legs 409 | 17 92 240 60 Wheels 284 | . . . 284 Hover . | . . . . Flight . | . . . . Fastest Speed 50 | 50 120 120 90 Average Speed 119 | 112 120 120 120 Slowest Speed 400 | 160 120 120 400 Overloaded Moves . | . . . . Propulsion Burnouts . | . . . . Robots Hopped . | . . . . Potential Cave-ins . | . . . . Cave-ins Triggered . | . . . . Exploration Rate (%) 16 | 3 20 11 30 Regions Visited 3 Branch Regions 1 Pre-discovered Areas . | . . . . Known Exits Taken . | . . . . Unknown Exits Taken 3 | 1 1 1 . Scrap Searched 4 | . . 4 . Spaces Dug . | . . . . Terrain Destroyed 20 | . . . 20 Melee . | . . . . Projectile . | . . . . AOE 20 | . . . 20 Terrain Rammed . | . . . . Walls Destroyed . | . . . . Machines Disabled . | . . . . Actions | -11 -10 -10 -8 --------- Run | Yrd Mat Sub Mat Total 1234 | 56 122 299 757 Wait 314 | . 27 45 242 Move 820 | 39 91 239 451 Hop . | . . . . Pick Up 24 | 9 1 4 10 Fast Attach 4 | 1 . . 3 Attach 22 | 5 1 1 15 Detach 2 | . . . 2 Swap 8 | 2 . . 6 Drop 6 | . . . 6 Fire 34 | . 2 10 22 Melee . | . . . . Ram . | . . . . Kick . | . . . . Crush . | . . . . Escape Stasis . | . . . . Rewire . | . . . . Trap . | . . . . Miscellaneous . | . . . . Route ------- -11/Scrapyard -10/Materials -10/Subcaves (discovered 2 exits: *Mat / [Scr]) -8/Materials History --------- Turn | Location | Event 5 | -11/Scrapyard | Discovered new exit (range 15) 64 | -11/Scrapyard | Entered Materials 65 | -10/Materials | Met a group of wandering Federalists 200 | -10/Materials | Discovered new exit (range 3) 208 | -10/Materials | Entered Subcaves 209 | -10/Subcaves | Shifting Twisted Machinery released Piercing Trap 209 | -10/Subcaves | Continued accompanying wandering Federalists (4) 210 | -10/Subcaves | Shifting Twisted Machinery released Sub. Power Source 318 | -10/Subcaves | Build established: Mutant 416 | -10/Subcaves | Ambushed by Subdwellers from Twisted Machinery 523 | -10/Subcaves | Discovered new exit (range 15) 567 | -10/Subcaves | Disturbed a concealed Subdweller 573 | -10/Subcaves | Entered Materials 573 | -8/Materials | Evolved 4 slots: Propulsion x1, Utility x1, Weapon x2 882 | -8/Materials | Build established: Gunner 1374 | -8/Materials | Garrison activated, responded to threat 1398 | -8/Materials | Destroyed 8 combat bots 1407 | -8/Materials | Core integrity fell below 50% 1468 | -8/Materials | Core integrity fell below 20% 1471 | -8/Materials | Destroyed by G-47 Trooper with Particle Gun Last Messages --------------- 01446_ Lgt. EM Pulse Cannon destroyed. 01452_ Lgt. Treads destroyed. 01457_ Neutrino Reactor explodes. 01457_ G-47 Trooper destroyed. 01457_ Adv. Beam Rifle destroyed. 01457_ Chain reaction triggered in Corrupted Lgt. Nuclear Core. 01457_ X-57 Shotgunner destroyed. 01457_ G-50 Soldier destroyed. 01457_ G-47 Trooper destroyed. 01457_ O-16 Technician destroyed. 01457_ G-47 Trooper destroyed. 01459_ Atomic Centrifuge disabled. 01465_ G-47 Trooper misfires. 01467_ Critical hit (Burn: +37). 01467_ G-47 Trooper IFF system glitched. 01468_ Arm. Treads destroyed. 01468_ Lgt. Nuclear Core destroyed. 01470_ System corrupted: Matter fused (-6). 01471_ Disposable Heat Sink destroyed. Map ----- +----------------------------------------------------+ | ?????????????????????????????????????????????????? | | ?????????????????????????????????????????????????? | | ?????????????????????????????????????????????????? | | ?????????????????????????????????????????????????? | | ?????????????????????????????????????????????????? | | ?????????????????????????????????????????????????? | | ?????????????????????????????????? ????????????? | | ?????????????????????????????????? /???????????? | | ?????????????????????????????????? #???????????? | | ?????????????????????????????????? #???????????? | | ?????????????????????????????????? #???????????? | | ?????????????????????????????????? #???????????? | | ?????????????????????????????????? #???????????? | | ?????????????????????????????????# #???????????? | | ?????????????????????????????????+ #???????????? | | ?????????????????????????????????# #???????????? | | ?????????????????????????????????# #???????????? | | ?????????????????????????????????# #???????????? | | ?????????????????????????????????# #???????????? | | ?????????????????????????????????# #???????????? | | ?????????????????????????????????# #???????????? | | ??????????????????????????######## ###+#####???? | | ????????????????########### | | ????????????????# g%==# % | | ????????????##### !*!% """ | | ?????????? + [@ "" ############ | | ????????????????# *=gs t "" # # | | ????????????????# " !g=# Y "" # % """ | | ????????????????# T [x%; "" # """ | | ????????????????# " # T" # """ | | ????????????????# # "" # | | ????????????????########### "" "" ####+## | | ?????????????????????????# "T ###"### | | ?????????????????????????# "" | | ?????????????????????????# = | | ?????????????????????????# % *%=% | | ?????????????????????????# ""#+###["##### | | ?????????????????????????#####"" %%[* #???###### | | ?????????????????????????????# " % #????????? | | ?????????????????????????????# " #????????? | | ?????????????????????????????# " % #????????? | | ?????????????????????????????# " #????????? | | ?????????????????????????????# " [ #????????? | | ?????????????????????????????###! T" #????????? | | ???????????????????????????????#[/ "" #????????? | | ??????????????????????????????? #????????? | | ???????????????????????????????####/#####????????? | | ?????????????????????????????????? !#????????????? | | ?????????????????????????????????? #????????????? | | ?????????????????????????????????? #????????????? | +----------------------------------------------------+ Best States ------------- Heat Dissipation 41 Coolant Potential 50 Energy Generation 12 Energy Capacity 265 Matter Stores 300 Matter Capacity 300 Sight Range 16 Terrain Scan Density 10 Armor Coverage 225 Evasion (%) 55 Recoil Reduction 3 Item Schematics ----------------- None Robot Schematics ------------------ None Fabricated ------------ Nothing Repaired ---------- Nothing Studied --------- None Alien Tech Used ----------------- None Achievements -------------- None Challenges ------------ None Game ------ Seed ZioniteNeutronBuckler Manual? 0 Play Time 00:14:59 Cumulative 28.8 hours Start 2026.06.28 @ 21:16:39 End 2026.06.28 @ 21:48:02 Sessions 3 Manual Loads 0 Difficulty Rogue Special Mode None Game No. 40 Rogue 12 Adventurer 28 Explorer 0 Win Type - Total 0 Types 0/0/0/0/0/0/0/0/0/0 Lore% 15 Gallery% 21 Achievement% 17 Wizard Run 0 Options --------- Layout 1 ASCII 0 Keyboard 0 Movement Mouse Keybinds 0 Fullscreen 1 Font 24/Smallcaps Map View 50x35 Zoom Use 0% Tactical HUD 1 Map Filters NONE Filters NONE Steam 1 RUN: 7dee1157-3d8a-4327-94da-7bc748e9789e